Map: Magma Mines

Players

Hatsuney - Winner!

  • Race: Terran Terran
  • Spawn Location: 9:00

KynioMiq

  • Race: Zerg Zerg
  • Spawn Location: 3:00

VOD

Have the link to the VOD?

Description

Time

  • Played on: Feb. 23, 2017, 10:18 a.m.
  • Length: 11:59
Show
View Real Time Build Order
Export as new Build Order

Hatsuney Terran - Winner!

Build Orders:  

Get SALT Encoding   

  12  0:01  SCV  
  13  0:13  SCV  
  14  0:22  Supply Depot  
  14  0:25  SCV  
  15  0:44  SCV  
  16  0:55  Barracks  
  16  0:56  SCV  
  17  0:59  Refinery  
  17  1:08  SCV  
  18  1:20  SCV  
  18  1:23  Supply Depot  
  19  1:32  SCV  
  20  1:33  Barracks  
  20  1:44  Orbital Command  
  20  1:46  Supply Depot  
  20  1:51  Marine  
  21  2:06  Refinery  
  21  2:09  Marine  
  22  2:18  Supply Depot  
  22  2:22  Marine  
  23  2:27  Marine  
  24  2:40  Marine  
  24  2:41  SCV  
  24  2:42  Supply Depot  
  26  2:44  Marine  
  27  2:53  SCV  
  27  2:58  Marine  
  29  3:02  Marine  
  29  3:05  SCV  
  31  3:17  SCV  
  32  3:29  SCV  
  32  3:30  Command Center  
  33  3:41  SCV  
  33  3:44  Supply Depot  
  34  3:50  Marine x2  
  34  3:53  SCV  
  37  4:05  SCV  
  37  4:07  Supply Depot  
  38  4:18  SCV  
  38  4:23  Supply Depot  
  38  4:30  SCV  
  37  4:32  Marine x2  
  37  4:45  SCV  
  38  4:49  Marine x2  
  40  4:57  SCV  
  41  5:07  Marine x2  
  41  5:09  SCV  
  44  5:25  SCV, Marine x2  
  47  5:37  Orbital Command, SCV  
  48  5:43  Marine x2  
  48  5:49  SCV  
  51  5:54  Refinery  
  51  5:56  Refinery  
  51  6:01  SCV, Marine x2  
  51  6:03  SCV  
  55  6:13  SCV  
  55  6:15  SCV  
  57  6:18  Marine  
  57  6:19  Reaper  
  59  6:27  SCV  
  60  6:33  Factory  
  60  6:37  Reaper  
  60  6:39  SCV  
  62  6:51  SCV, Reaper  
  64  7:01  Supply Depot  
  64  7:09  Reaper  
  65  7:17  Factory Tech Lab  
  65  7:23  Barracks Tech Lab  
  65  7:24  Supply Depot  
  65  7:41  SCV  
  66  7:47  Siege Tank, Supply Depot  
  66  7:51  Barracks Reactor  
  69  7:53  SCV  
  69  7:54  Stimpack  
  70  8:05  SCV  
  64  8:19  Siege Tank  
  62  8:24  Marine  
  63  8:34  Starport  
  63  8:38  Engineering Bay  
  63  8:42  Marine  
  63  8:43  Marine  
  63  8:44  Marine  
  63  8:46  Supply Depot  
  66  8:51  Siege Tank  
  69  9:00  Marauder  
  69  9:01  Marine x2  
  73  9:08  Supply Depot  
  73  9:11  Medivac  
  75  9:19  Marine x2  
  75  9:21  Marauder  
  75  9:23  Siege Tank  
  82  9:29  Command Center  
  82  9:37  Marine x2  
  82  9:38  Terran Infantry Weapons Level 1  
  84  9:41  Refinery, Medivac  
  84  9:43  Marauder  
  88  9:54  Combat Shields, Marine  
  88  9:55  Marine  
  88  9:56  Siege Tank  
  93  10:04  Marauder  
  95  10:11  Medivac  
  95  10:12  Marine  
  95  10:13  Marine  
  99  10:25  Reaper  
  99  10:28  Siege Tank  
  103  10:30  Marine, Reaper  
  105  10:41  Medivac  
  102  10:58  Marauder  
  102  11:00  Siege Tank, Marine  
  102  11:02  Marine  
  109  11:11  Medivac  
  111  11:13  Concussive Shells  
  111  11:17  Marine  
  112  11:19  Marauder  
  112  11:20  Marine  
  117  11:35  Marine  
  117  11:38  Marine  
  119  11:40  Marine  
Show
View Real Time Build Order
Export as new Build Order

KynioMiq Zerg 

Build Orders: Pool First 

Get SALT Encoding   

  12  0:10  Drone  
  12  0:11  Drone  
  14  0:39  Overlord  
  14  0:47  Spawning Pool  
  13  0:51  Overlord  
  13  0:59  Drone x2  
  15  1:23  Drone  
  16  1:33  Queen  
  16  1:37  Zergling x6  
  21  1:59  Overlord  
  21  2:15  Drone  
  22  2:24  Zergling x4  
  24  2:42  Extractor  
  23  2:53  Zergling x2  
  23  2:54  Zergling x8  
  28  3:14  Zergling x2  
  29  3:22  Drone  
  30  3:28  Zergling x2  
  30  3:29  Zergling x4  
  33  3:43  Drone  
  34  3:51  Zergling x2  
  35  4:07  Zergling x2  
  35  4:08  Zergling x4  
  29  4:36  Zergling x4  
  26  4:42  Zergling x8  
  30  4:50  Metabolic Boost  
  30  5:06  Drone x2  
  32  5:07  Roach Warren  
  31  5:16  Zergling x8  
  35  5:30  Overlord  
  35  5:47  Zergling x2  
  36  5:53  Roach  
  38  6:02  Roach x3  
  44  6:15  Lair  
  44  6:23  Roach  
  46  6:25  Overlord  
  46  6:35  Hatchery  
  46  6:38  Extractor  
  44  6:42  Roach  
  44  6:44  Zergling x6  
  49  6:57  Roach  
  51  7:07  Drone  
  52  7:21  Zergling x4  
  54  7:49  Overlord x2  
  54  7:53  Drone  
  54  7:57  Queen  
  23  8:32  Zergling x6  
  26  8:38  Drone x2  
  26  8:39  Drone  
  29  9:06  Zergling x4  
  29  9:07  Zergling x6  
  34  9:14  Zergling x10  
  39  9:26  Zergling x2  
  39  9:27  Zergling x2  
  39  9:31  Zergling x4  
  43  9:50  Zergling x10  
  48  9:53  Zergling x6  
  48  9:54  Zergling x2  
  52  10:17  Infestation Pit  
  25  10:49  Zergling x6  
  28  10:52  Zergling x2  
  28  10:53  Zergling x4  
Tags
 
Matchup
TvZ
Opening
Pool First
Spawn Locations
Cross Positions
Add a new tag
Caveats
  • Supply blocks, unpowered buildings, or Contaminate may cause inaccurate times.
  • Supply counts are checked every 10 seconds.